 Dungeon Crawl Stone Soup version 0.30.2 (webtiles) character file.

Game seed: 3985993735376179906

18211 Nonny the Grappler (level 12, -11/85 HPs)
             Began as a Demonspawn Hedge Wizard on Apr 13, 2024.
             Was an Elder of Dithmenos.
             Killed by the raging water
             ... invoked by a water nymph
              (17 damage)
             ... on level 2 of the Lair of Beasts.
             The game lasted 00:45:15 (16618 turns).

Nonny the Grappler (Demonspawn Hedge Wizard)       Turns: 16618, Time: 00:45:16

Health: -11/85     AC: 22    Str: 16    XL:     12   Next: 25%
Magic:  21/22      EV:  9    Int: 24    God:    Dithmenos [****..]
Gold:   888        SH:  4    Dex: 12    Spells: 20/25 levels left

rFire   . .          .
                       - Unarmed
rCold   + . .        (no shield)
rNeg    + + +        b - +2 chain mail {rC+}
rPois   +            y - +0 helmet
rElec   .            L - +0 cloak
rCorr   .            (gloves unavailable)
SInv    .            x - +1 pair of boots of Inaction {Str+2}
Will    .....        P - amulet of Kiuna {Acrobat Drain +Blink rPois rN+++} Stlth
                     C - ring of flight
HPRegen 0.34/turn    O - +4 ring of protection
MPRegen 0.18/turn

%: acrobat
@: flying, very slightly contaminated, wreathed by umbra
A: big brain 2, condensation shield, demonic touch 3, clever 1, sense
surroundings 1
a: Renounce Religion, Evoke Blink, Shadow Step


You were on level 2 of the Lair of Beasts.
You worshipped Dithmenos.
Dithmenos was greatly pleased with you.
You visited 3 branches of the dungeon, and saw 14 of its levels.

You collected 919 gold pieces.
You spent 31 gold pieces at shops.

Inventory:

Missiles
 e - 132 stones (quivered)
 f - 18 poisoned darts
 h - 3 silver boomerangs
 m - 4 boomerangs
 E - 6 javelins
 I - a throwing net
 M - a curare-tipped dart
Armour
 b - a +2 chain mail of cold resistance (worn)
 x - the +1 pair of boots of Inaction (worn) {Str+2}
   (You found it on level 5 of the Dungeon)

   Str:       It affects your strength (+2).
 y - a +0 helmet (worn)
 L - a +0 cloak (worn)
 N - a +0 troll leather armour
Jewellery
 a - a ring of ice
 v - a ring of fire
 A - a +6 ring of intelligence
 C - a ring of flight (left hand)
 O - a +4 ring of protection (right hand)
 P - the amulet of Kiuna (around neck) {Acrobat Drain +Blink rPois rN+++}
   (You found it on level 2 of the Lair of Beasts)

   [amulet of the acrobat]

   It increases your evasion while moving and waiting.
   rPois:     It protects you from poison.
   rN:        It renders you almost immune to negative energy.
   +Blink:    It lets you blink.
   Drain:     It drains your maximum health when unequipped.
Wands
 g - a wand of light (4)
 l - a wand of charming (10)
 p - a wand of digging (8)
 q - a wand of polymorph (6)
 D - a wand of roots (13)
 H - a wand of flame (24)
Scrolls
 j - a scroll of summoning
 s - 2 scrolls of fog
 t - a scroll of enchant armour
 u - a scroll of immolation
 z - 7 scrolls of teleportation
 G - 2 scrolls of enchant weapon
 K - a scroll of fear
Potions
 c - a potion of might {unknown}
 d - a potion of magic
 i - 3 potions of haste
 k - 2 potions of cancellation {unknown}
 n - a potion of ambrosia {unknown}
 o - 6 potions of brilliance {unknown}
 r - 3 potions of mutation
 w - a potion of lignification {unknown}
 F - a potion of resistance
 J - 3 potions of attraction {unknown}


   Skills:
 + Level 4.9 Fighting
 - Level 1.0 Throwing
 + Level 9.3 Armour
 - Level 5.0 Dodging
 - Level 3.0 Stealth
 - Level 1.0 Shields
 + Level 12.0 Unarmed Combat
 - Level 7.0 Spellcasting
 - Level 1.0 Conjurations
 - Level 4.0 Summonings
 * Level 2.2 Translocations
 - Level 3.0 Evocations


You had 20 spell levels left.
You knew the following spells:

 Your Spells              Type           Power      Damage    Failure   Level
a - Magic Dart            Conj           52%        1d5       36%         1
b - Call Imp              Summ           54%        N/A       17%         2
c - Blink                 Tloc           38%        N/A       34%         2

Your spell library contained the following spells:

 Spells                   Type           Power      Damage    Failure   Level
 Shock                    Conj/Air       40%        1d5       43%         1
 Slow                     Hex            32%        N/A       52%         1
 Cigotuvi's Dreadful Rot  Necr/Pois/Air  16%        N/A       65%         2
 Sublimation of Blood     Necr           8%         N/A       65%         2
 Wereblood                Tmut           8%         N/A       65%         2
 Mephitic Cloud           Conj/Pois/Air  10%        N/A       83%         3
 Inner Flame              Hex/Fire       8%         N/A       87%         3
 Swiftness                Air            8%         N/A       87%         3
 Airstrike                Air            4%         2d(1-17)  99%         4
 Anguish                  Hex/Necr       4%         N/A       99%         4
 Alistair's Intoxication  Tmut/Pois      5%         N/A       100%        5
 Silence                  Hex/Air        4%         N/A       100%        5
 Summon Hydra             Summ           13%        N/A       100%        7


Dungeon Overview and Level Annotations

Branches:
Dungeon (11/15)            Temple (1/1) D:4            Lair (2/5) D:11
 Shoals (0/4) Lair:2          Orc (0/2) D:9
  Snake: Lair:2-3    Spider: Lair:2-3

Altars:
Cheibriados
Dithmenos
Fedhas
Hepliaklqana
Kikubaaqudgha
Makhleb
Nemelex Xobeh
Okawaru
Qazlal
Ru
Trog
Uskayaw
Yredelemnul

Shops:
D:2 (   D:4 [[   D:5 :

Portals:
Abyss: D:9

Annotations:
D:4 1 runed translucent door, bob3's ghost, weakling DrBe
D:9 2 transporters, turdburglar's ghost, novice DrIE


Innate Abilities, Weirdness & Mutations

You have an extremely huge brain. (Int +4)
A meltable shield of frost defends you. (SH +4)
Your touch may irresistibly damage your foes and sap their willpower.
Your mind is acute. (Int +4, Str/Dex -1)
You passively map a small area around you.


Message History

You fall into the shallow water.
Moving in this stuff is going to be slow.
The water nymph points at you and mumbles some strange words.
The water swirls and strikes you!!
The basilisk bites you but does no damage.
Okay, then.
Okay, then.
Okay, then.
You're wearing all the rings you can.
Remove which one? (? for menu, Esc to cancel) < or
A - a +6 ring of intelligence; > or
O - a +4 ring of protection You remove your +6 ring of intelligence.
You feel stupid. The water nymph touches you. The water nymph drowns you!
You fly up into the air.
C - a ring of flight (left hand)
The basilisk gazes at you. You resist with some effort.
You barely miss the basilisk.
The basilisk is almost dead.
The water nymph gestures at you while chanting.
The water rises up and strikes you. You block the basilisk's attack.
Unknown command.
You punch the basilisk!
You kill the basilisk!
Dithmenos accepts your kill.
The water nymph gestures at you while chanting.
The water rises up and strikes you!!
* * * LOW HITPOINT WARNING * * *
The water nymph touches you!
* * * LOW HITPOINT WARNING * * *
The water nymph drowns you!
* * * LOW HITPOINT WARNING * * *
Okay, then.
Okay, then.
As you read the scroll of summoning, it crumbles to dust.
Wisps of shadow whirl around you... The water nymph casts a spell at you.
The water rises up and strikes you!
You die...

*****,*,** ***
#......,,***,*
*#......,,,,,**
*P.....*,##,,,*
###...#*,.~~*,,**
#....#**~~~.,*,,*
*#..F##~[~~~**,,** ###
#####.F.~m~.>.~~,,*,**
#.##
#.....F@#*~~~~~*,,,,,***
...#
##.P###m#~*~~~*,*,*,,**,
..## #..##
#~~~*~~***,^,,,,,, ...##
##.## #.~.~#,**,,,,,***,
#.#.## #P.#
##.....,,,,*,,,**,
#....# ##.#
*######,,,,,,,*** #...##
#.## *,*,**,**
###..#####.P# *****,** #
##...##..## ***


You could see 2 water nymphs and 3 friendly bullfrogs.

Vanquished Creatures
  Fannar (D:11)
  A two-headed ogre (D:8)
  A skyshark (Lair:2)
  Pikel (D:4)
  A cyclops (D:11)
  An ugly thing (D:11)
  2 black mambas (Lair:1)
  A gargoyle (D:10)
  4 cane toads
  2 rime drakes
  A kobold demonologist (D:10)
  Psyche (D:11)
  A komodo dragon (Lair:1)
  A troll (D:11)
  A hornet (D:8)
  6 blink frogs
  A shadow (D:9)
  2 wyverns
  22 yaks
  3 basilisks
  A steam dragon (Lair:2)
  5 vampire mosquitoes
  2 water moccasins
  An ice beast (D:11)
  3 black bears
  A sky beast (D:7)
  2 orc warriors
  11 wolves
  3 centaurs
  An ogre (D:5)
  3 phantoms
  A kobold brigand (D:9)
  A gnoll sergeant (D:8)
  7 bullfrogs
  9 wights
  6 killer bees (D:10)
  An electric eel (Lair:1)
  2 vampire bats (D:6)
  2 howler monkeys
  5 hounds
  3 jellies
  A gnoll bouda (D:7)
  3 orc priests
  A sleepcap (D:5)
  4 iguanas
  3 orc wizards
  11 gnolls
  5 adders
  A nameless horror (D:6)
  A white imp (D:7)
  3 ufetubi
  4 dart slugs
  A worm (D:3)
  48 orcs
  5 ball pythons
  3 bats (D:1)
  5 bat zombies (D:6)
  4 endoplasms
  2 giant cockroaches (D:1)
  12 goblins
  8 hobgoblins
  10 jackals
  17 kobolds
  2 quokkas
  6 frilled lizards
  23 rats
307 creatures vanquished.

Vanquished Creatures (collateral kills)
  A blink frog (Lair:2)
  3 yaks
  A water moccasin (D:7)
  2 howler monkeys (D:7)
  A jelly (D:7)
  2 orc priests
  An iguana (D:4)
  An orc wizard (D:7)
  A gnoll (D:4)
  3 orcs
16 creatures vanquished.

Grand Total: 323 creatures vanquished

Notes
Turn   | Place    | Note
-------+----------+-------------------------------------------
     0 | D:1      | Nonny the Demonspawn Hedge Wizard began the quest for the
                  | Orb.
     0 | D:1      | Reached XP level 1. HP: 13/13 MP: 4/4
   103 | D:1      | Gained mutation: Your touch may inflict minor irresistible
                  | damage on your foes. [demonic ancestry]
   103 | D:1      | Reached XP level 2. HP: 14/19 MP: 1/6
   231 | D:1      | Learned a level 2 spell: Call Imp
   375 | D:1      | Gained mutation: Your touch may inflict irresistible damage
                  | on your foes. [demonic ancestry]
   375 | D:1      | Reached XP level 3. HP: 22/25 MP: 7/7
   509 | D:2      | Noticed a +0 executioner's axe
   509 | D:2      | Found Colealunt's Weapon Boutique.
   515 | D:2      | Noticed a +0 giant club
   520 | D:2      | Bought 4 poisoned darts for 31 gold pieces
   654 | D:2      | Reached skill level 1 in Fighting
   654 | D:2      | Reached skill level 1 in Throwing
  1026 | D:2      | Gained mutation: You have an unusually large brain. (Int
                  | +2) [demonic ancestry]
  1026 | D:2      | Reached XP level 4. HP: 23/32 MP: 9/9
  1747 | D:3      | Reached XP level 5. HP: 18/37 MP: 9/11
  1833 | D:3      | Noticed a black bear
  2140 | D:3      | HP: 1/37 [something (7)]
  2435 | D:3      | Killed a black bear
  2436 | D:3      | Reached skill level 1 in Unarmed Combat
  2590 | D:3      | Found a snail-covered altar of Cheibriados.
  2665 | D:3      | Reached XP level 6. HP: 24/43 MP: 12/12
  2862 | D:4      | Reached skill level 2 in Unarmed Combat
  3327 | D:4      | Noticed Pikel
  3338 | D:4      | Killed Pikel
  3339 | D:4      | Reached skill level 3 in Unarmed Combat
  3339 | D:4      | Reached skill level 5 in Spellcasting
  3339 | D:4      | Gained mutation: You have an extremely huge brain. (Int +4)
                  | [demonic ancestry]
  3339 | D:4      | Reached XP level 7. HP: 35/51 MP: 13/15
  3608 | D:4      | Found a runed translucent door.
  3706 | D:4      | Noticed bob3's ghost (weakling DrBe)
  3968 | D:4      | Found a staircase to the Ecumenical Temple.
  3976 | Temple   | Entered the Ecumenical Temple
  3984 | Temple   | Became a worshipper of Dithmenos the Shadowed
  4069 | D:4      | Found Baal's Dragon-Slaying Spoils.
  4253 | D:4      | Found Tuajaithronn's Armour Emporium.
  4493 | D:5      | Entered Level 5 of the Dungeon
  4499 | D:5      | Gained mutation: A meltable shield of frost defends you.
                  | (SH +4) [demonic ancestry]
  4499 | D:5      | Reached XP level 8. HP: 40/57 MP: 15/17
  4568 | D:5      | Found Okoryb's Book Boutique.
  4964 | D:5      | Identified the +1 pair of boots of Inaction {Str+2}
  5280 | D:5      | Reached skill level 4 in Unarmed Combat
  5556 | D:5      | Reached skill level 5 in Dodging
  5766 | D:6      | Reached * piety under Dithmenos
  5952 | D:6      | Reached skill level 1 in Armour
  5952 | D:6      | Reached skill level 5 in Unarmed Combat
  6187 | D:6      | Found a hide-covered altar of Uskayaw.
  6363 | D:6      | Reached XP level 9. HP: 34/63 MP: 8/19
  6369 | D:6      | Reached skill level 6 in Unarmed Combat
  6674 | D:6      | Found an ancient bone altar of Kikubaaqudgha.
  6928 | D:7      | Found a sacrificial altar of Ru.
  7035 | D:7      | Reached skill level 7 in Unarmed Combat
  7845 | D:7      | Reached ** piety under Dithmenos
  8475 | D:8      | Reached skill level 8 in Unarmed Combat
  8475 | D:8      | Reached XP level 10. HP: 32/70 MP: 17/20
  8655 | D:8      | You fall into a shaft and drop 2 floors!
  8655 | D:10     | Entered Level 10 of the Dungeon
  8686 | D:10     | Noticed a smoke demon
  8705 | D:10     | Found a bloodstained altar of Trog.
  8716 | D:10     | Got the Parchment of Shapes and the Faeries
  9089 | D:10     | Noticed a gargoyle
  9361 | D:10     | Noticed a lindwurm
  9361 | D:10     | Noticed a lindwurm
  9364 | D:10     | Noticed a lindwurm
  9366 | D:10     | Noticed a lindwurm
  9376 | D:10     | HP: 3/70 [lindwurm/blast of flame (4)]
  9593 | D:10     | Gained mutation: Your mind is acute. (Int +4, Str/Dex -1)
                  | [potion of mutation]
  9593 | D:10     | Gained mutation: You passively map a small area around you.
                  | [potion of mutation]
  9614 | D:10     | Reached skill level 5 in Armour
  9708 | D:10     | Found a basalt altar of Yredelemnul.
  9787 | D:9      | Found a staircase to the Orcish Mines.
 10194 | D:8      | Reached skill level 9 in Unarmed Combat
 10603 | D:8      | Noticed a two-headed ogre
 10610 | D:8      | Killed a two-headed ogre
 10610 | D:8      | Reached *** piety under Dithmenos
 11080 | D:9      | Found a transporter.
 11107 | D:9      | Noticed a worldbinder
 11124 | D:9      | Found a transporter.
 11288 | D:9      | Noticed a faun
 11290 | D:9      | Found a one-way gate to the infinite horrors of the Abyss.
 11298 | D:9      | Noticed turdburglar's ghost (novice DrIE)
 11475 | D:9      | Found a hazy altar of Hepliaklqana.
 11759 | D:10     | Killed a gargoyle
 11760 | D:10     | Reached skill level 10 in Unarmed Combat
 11760 | D:10     | Gained mutation: Your touch may irresistibly damage your
                  | foes and sap their willpower. [demonic ancestry]
 11760 | D:10     | Reached XP level 11. HP: 46/77 MP: 21/21
 12030 | D:11     | Noticed a red ugly thing
 12313 | D:11     | Noticed Fannar
 12336 | D:11     | Killed Fannar
 12549 | D:11     | Reached skill level 1 in Shields
 12836 | D:11     | Found a staircase to the Lair.
 12890 | D:11     | Killed a red ugly thing
 12891 | D:11     | Reached skill level 1 in Evocations
 13010 | D:11     | Noticed Psyche
 13019 | D:11     | Killed Psyche
 13590 | Lair:1   | Entered Level 1 of the Lair of Beasts
 13742 | D:11     | Reached skill level 11 in Unarmed Combat
 15372 | Lair:1   | Reached XP level 12. HP: 25/84 MP: 18/22
 15547 | Lair:1   | Learned a level 2 spell: Blink
 15911 | Lair:2   | Reached skill level 1 in Translocations
 15978 | Lair:2   | Reached **** piety under Dithmenos
 16250 | Lair:2   | Identified the amulet of Kiuna {Acrobat Drain +Blink rPois
                  | rN+++}
 16559 | Lair:2   | Reached skill level 12 in Unarmed Combat
 16618 | Lair:2   | Killed from afar by a water nymph

Illustrated notes

Levels and vault maps discovered:
D:1:      spicycebolla_arrival_risky_transporter, layout_basic
D:2:      layout_loops_ring, serial_shops, nicolae_shop_mannequins, basic_altar,
          minmay_rat_hole
D:3:      layout_loops_ring, mainiacjoe_overflow_boulevard
D:4:      layout_basic, temple_doors_ab, ebering_ghost_sewer_d,
          nicolae_shop_dragon_depot, hangedman_abyss_or_decor_stabs,
          nicolae_inconvenience_store, minmay_stone_trees_medium,
          dreamdust_gnoll_farm, uniq_pikel
D:5:      corexii_shack_village, layout_loops_ring, serial_shops, shop
D:6:      layout_rooms, nicolae_uskayaw_suspiria, kennysheep_vampire_church
D:7:      layout_cave_pods, lemuel_crystal_altar
D:8:      layout_cave_pods
D:9:      layout_basic, mainiacjoe_overflow_cross_hatched, orc_0_dummy,
          gammafunk_ghost_abyssal_escape
D:10:     layout_roguey [special_room_orc], kennysheep_little_box,
          kennysheep_mini, mainiacjoe_overflow_small_starburst,
          minmay_lindwurm_lava
D:11:     layout_roguey, hellmonk_lair_entry_icy, serial_glass, glass_columns_c,
          glass_columns_a, glass_columns_a, kennysheep_generic_room_6,
          uniq_fannar, uniq_psyche
Temple:   nicolae_temple_great_sept
Lair:1:   layout_regular_city, chequers_serial_rivers_room_a,
          grunt_megastairs_5, serial_bayou_shore_a
Lair:2:   layout_misc_corridors, nicolae_shoals_entry_flooding, pond,
          grunt_megastairs_2

Skill      XL: |  1  2  3  4  5  6  7  8  9 10 11 12 |
---------------+-------------------------------------+-----
Stealth        | 2 3 |  3.0
Dodging        | 2 3 4 5 |  5.0
Fighting       | 1 2 3 4 |  4.9
Throwing       | 1 |  1.0
Spellcasting   | 4 5 6 7 |  7.0
Unarmed Combat | 1 3 5 8 10 11 12 | 12.0
Armour         | 1 4 6 9 |  9.3
Summonings     | 3 4 |  4.0
Shields        | 1 |  1.0
Evocations     | 3 |  3.0
Translocations | 2 |  2.2
Conjurations   | |  1.0

Action                     |  1- 3 |  4- 6 |  7- 9 | 10-12 || total
---------------------------+-------+-------+-------+-------++-------
  Melee: Dagger            |   100 |   114 |    68 |       ||   282
         Touch             |    14 |    16 |    75 |   125 ||   230
         Punch             |       |     1 |    16 |    41 ||    58
         Unarmed           |       |       |   328 |   623 ||   951
  Throw: Stone             |     2 |       |       |     2 ||     4
         Throwing net      |       |       |       |     4 ||     4
         Dart              |       |       |       |     6 ||     6
   Cast: Magic Dart        |    26 |    14 |    17 |     9 ||    66
         Call Imp          |       |    16 |    13 |    17 ||    46
  Evoke: Wand              |       |       |       |     1 ||     1
    Use: Scroll            |     4 |     3 |     4 |    12 ||    23
         Potion            |       |     1 |     3 |     3 ||     7
   Stab: Sleeping          |     2 |     3 |     6 |       ||    11
         Invisible         |       |     2 |       |       ||     2
         Distracted        |       |       |     3 |       ||     3
 Armour: Robe              |    18 |    17 |     7 |       ||    42
         Chain mail        |       |       |   166 |   295 ||   461
         Ring mail         |       |       |    15 |       ||    15
  Dodge: Dodged            |    60 |    68 |   202 |   274 ||   604
  Block: Other             |       |       |    63 |   108 ||   171
